 Dungeon Crawl Stone Soup version 0.19.4-8-ga85b6b9 (webtiles) character file.

228 Jm2c the Digger (level 6, -1/32 HPs)
             Began as a Gargoyle Earth Elementalist on Feb 12, 2017.
             Shot with an arrow by a centaur (2 damage)
             ... on level 3 of the Dungeon on Feb 13, 2017.
             The game lasted 00:37:23 (2734 turns).

Jm2c the Digger (Gargoyle Earth Elementalist)       Turns: 2734, Time: 00:37:23

Health: -1/32      AC:  7    Str: 12    XL:     6   Next: 2%
Magic:  4/10       EV: 12    Int: 17    God:
Gold:   79         SH:  0    Dex: 10    Spells: 3 memorised, 5 levels left

rFire  . . .     SeeInvis .     g - +0 hunting sling
rCold  . . .     Gourm    .     c - +1 robe
rNeg   + . .     Faith    .     (no shield)
rPois  ∞         Spirit   .     (no helmet)
rElec  +         Reflect  .     (no cloak)
rCorr  .         Harm     .     (no gloves)
MR     +....                    (no boots)
Stlth  ++........               (no amulet)
                                (no ring)
                                a - ring of protection from magic

@: no status effects
A: negative energy resistance 1, electricity resistance, unbreathing,
petrification resistance, rot immunity, AC +4
a: no special abilities


You were on level 3 of the Dungeon.
You were hungry.

You visited 1 branch of the dungeon, and saw 3 of its levels.

You collected 79 gold pieces.

Inventory:

Hand Weapons
 f - a +0 club
 g - a +0 hunting sling (weapon)
 h - a +1 dagger of electrocution
 t - a cursed +0 mace
Missiles
 b - 87 stones (quivered)
 m - 16 arrows
Armour
 c - a +1 robe (worn)
Jewellery
 a - a ring of protection from magic (left hand)
Scrolls
 j - a scroll of magic mapping
Potions
 i - a potion of ambrosia
 n - a potion of magic {unknown}
 o - a potion of curing {unknown}
 p - a potion of lignification {unknown}
 s - 2 potions of brilliance
Books
 e - a book of Geomancy

   Spells                             Type                      Level
   a - Sandblast                      Earth                        1
   b - Passwall                       Transmutation/Earth          2
   c - Stone Arrow                    Conjuration/Earth            3
   d - Petrify                        Transmutation/Earth          4
   e - Lee's Rapid Deconstruction     Earth                        5
 q - a book of Minor Magic

   Spells                             Type                      Level
   a - Magic Dart                     Conjuration                  1
   b - Blink                          Translocation                2
   c - Call Imp                       Summoning                    2
   d - Repel Missiles                 Charms/Air                   2
   e - Slow                           Hexes                        2
   f - Conjure Flame                  Conjuration/Fire             3
   g - Mephitic Cloud                 Conjuration/Poison/Air       3
Comestibles
 d - 2 bread rations
 k - 7 chunks of flesh
 u - a beef jerky


   Skills:
 - Level 2.4 Dodging
 - Level 3.7 Stealth
 * Level 3.0 Spellcasting
 - Level 0.7 Transmutations
 * Level 5.7 Earth Magic


You had 5 spell levels left.
You knew the following spells:

 Your Spells              Type           Power        Failure   Level  Hunger
a - Sandblast             Erth           ###...       1%          1    None
b - Passwall              Tmut/Erth      ##........   10%         2    ##.....
c - Stone Arrow           Conj/Erth      ##....       17%         3    ###....


Dungeon Overview and Level Annotations

Branches:
Dungeon (3/15)

Altars:
Qazlal
Ru


Innate Abilities, Weirdness & Mutations

You are resistant to torment.
Your stone body is resilient. (AC +4)
You are immune to poison.
You resist negative energy. (rN+)
You are resistant to electric shocks. (rElec)
You can survive without breathing.
You are immune to petrification.
You are immune to rotting.


Message History

The stone arrow hits the centaur.
The centaur is almost dead.
You are feeling hungry.
The centaur shoots an arrow.
The arrow hits you!
Firing (i - inventory):
b - 88 stones (quivered)
Press: ? - help, Shift-Dir - straight line, f/p - centaur
Aim: a centaur, wielding a shortbow (almost dead)
You shoot a stone. The stone barely misses the centaur.
The centaur shoots an arrow.
The arrow hits you!
* * * LOW HITPOINT WARNING * * *
The centaur shoots an arrow.
The arrow closely misses you.
The centaur shoots an arrow.
The arrow hits you but does no damage.
You see here an arrow.
The centaur shoots an arrow.
The arrow closely misses you.
The centaur shoots an arrow.
The arrow hits you.
* * * LOW HITPOINT WARNING * * *
Things that are here:
an arrow; a hobgoblin skeleton The centaur shoots an arrow.
The arrow hits you.
You die...

#.#.########## ##########
#.#...)....... #........#
#.#..########.
########........####.#.........#.
...................#)#...........
..................)..#...........
...........'#######'.#....#...#.#
...........#(..#..(#.#....###...)
...........#...#@(.#[#....# #.#.#
...........#....(..#÷[.>..# #.#.#
...........###._(###.#....# #.#.#
...........#..(.(..#.#..<.....#.#
.....o...#.(.#...#.#..#######.#
......o..#...#...#.#... ..#
#######..c#######+.##.## ##
#.(.....#........#
#.......#######..#


You could see a centaur.

Vanquished Creatures
  An orc priest (D:3)
  3 orc wizards (D:3)
  2 adders
  An ooze (D:1)
  3 worms
  A dart slug (D:2)
  3 leopard geckos
  11 orcs (D:3)
  2 ball pythons (D:3)
  4 giant cockroaches
  5 goblins
  7 hobgoblins
  9 kobolds
  11 bats
  4 frilled lizards
  3 rats
70 creatures vanquished.

Notes
Turn   | Place    | Note
-------+----------+-------------------------------------------
     0 | D:1      | Jm2c the Gargoyle Earth Elementalist began the quest for the Orb.
     0 | D:1      | Reached XP level 1. HP: 10/10 MP: 3/3
   150 | D:1      | Reached skill level 4 in Earth Magic
   150 | D:1      | Reached XP level 2. HP: 15/15 MP: 1/5
   570 | D:1      | Reached XP level 3. HP: 19/19 MP: 3/6
  1160 | D:2      | Learned a level 2 spell: Passwall
  1164 | D:2      | Learned a level 3 spell: Stone Arrow
  1270 | D:2      | Found a stormy altar of Qazlal.
  1340 | D:2      | Reached XP level 4. HP: 23/24 MP: 1/7
  1859 | D:3      | Reached skill level 5 in Earth Magic
  1918 | D:3      | Found a sacrificial altar of Ru.
  1933 | D:3      | Reached XP level 5. HP: 25/28 MP: 0/8
  2397 | D:3      | Noticed a centaur
  2659 | D:3      | Reached XP level 6. HP: 32/32 MP: 6/10
  2733 | D:3      | HP: 1/32 [centaur/arrow (4)]
  2734 | D:3      | Shot with an arrow by a centaur

Skill      XL: |  1  2  3  4  5 |
---------------+----------------+-----
Earth Magic    | 4 5 |  5.7
Dodging        | 2 |  2.4
Stealth        | 3 |  3.7
Spellcasting   | 3 |  3.0
Transmutations | |  0.7

Action                   |  1- 3 |  4- 6 || total
-------------------------+-------+-------++-------
 Fire: Hunting sling     |     7 |    50 ||    57
Throw: Stone             |    20 |       ||    20
 Cast: Sandblast         |    66 |    71 ||   137
       Stone Arrow       |       |     5 ||     5
  Use: Scroll            |     9 |       ||     9
       Potion            |       |     3 ||     3
  Eat: Chunk             |     2 |     5 ||     7
Armor: Robe              |    27 |    22 ||    49
Dodge: Dodged            |    36 |    41 ||    77
